 Dungeon Crawl Stone Soup version 0.22-a0-525-gf69a080 (webtiles) character file.

114248 pk666 the Eclecticist (level 16, -11/76 HPs)
             Began as a Deep Elf Fire Elementalist on June 21, 2018.
             Was a High Priest of Vehumet.
             Killed from afar by a merfolk aquamancer (41 damage)
             ... with a shard of ice
             ... on level 1 of the Shoals.
             The game lasted 02:14:47 (33754 turns).

pk666 the Eclecticist (Deep Elf Fire Elementalist) Turns: 33754, Time: 02:14:47

Health: -11/76     AC:  8    Str:  5    XL:     16   Next: 15%
Magic:  34/49      EV: 23    Int: 34    God:    Vehumet [*****.]
Gold:   2786       SH:  0    Dex: 15    Spells: 19/51 levels left

rFire    . . .     SeeInvis .   M - staff of earth
rCold    . . .     Gourm    .   (no shield)
rNeg     + . .     Faith    +   O - +1 robe of the Crypt {rN+ Int+2}
rPois    .         Spirit   .   V - +1 hat
rElec    .         Reflect  .   f - scarf {cloud immunity}
rCorr    .         Harm     .   o - +0 pair of gloves
MR       +....                  S - +2 pair of boots
Stlth    +.........             I - amulet of faith
HPRegen  0.22/turn              C - +4 ring of intelligence
MPRegen  0.31/turn              s - ring of magical power

@: very slow
A: no striking features
a: Renounce Religion


You were on level 1 of the Shoals.
You worshipped Vehumet.
Vehumet was extremely pleased with you.
You were near starving.

You visited 5 branches of the dungeon, and saw 25 of its levels.
You also visited: Ossuary.

You collected 2786 gold pieces.

Inventory:

Armour
 f - a scarf of cloud immunity (worn)
 o - a +0 pair of gloves (worn)
 O - the +1 robe of the Crypt (worn) {rN+ Int+2}
   (You found it on level 11 of the Dungeon)

   It affects your intelligence (+2).
   It protects you from negative energy.
 S - a +2 pair of boots (worn)
 V - a +1 hat (worn)
Magical Staves
 M - an uncursed staff of earth (weapon)
Jewellery
 a - an uncursed amulet of magic regeneration
 g - an uncursed ring of see invisible
 s - a ring of magical power (right hand)
 C - a +4 ring of intelligence (left hand)
 I - an amulet of faith (around neck)
 Q - a +3 ring of evasion
Wands
 t - a wand of enslavement (14)
 B - a wand of flame (78)
 F - a wand of iceblast (21)
 U - a wand of clouds (4)
 W - a wand of polymorph (39)
 Y - a wand of digging (11)
Scrolls
 d - 4 scrolls of immolation
 e - a scroll of holy word
 l - 8 scrolls of remove curse
 m - 6 scrolls of identify
 r - 9 scrolls of teleportation
 u - 3 scrolls of enchant armour
 y - 4 scrolls of fog
 z - 7 scrolls of enchant weapon
 A - a scroll of summoning
 E - 3 scrolls of magic mapping
 L - 3 scrolls of amnesia
 R - a scroll of vulnerability {unknown}
Potions
 b - 2 potions of ambrosia
 h - 6 potions of curing
 i - a potion of cancellation
 j - 5 potions of might
 n - 9 potions of lignification
 p - a potion of heal wounds
 q - 6 potions of flight
 w - 5 potions of agility
 D - 2 potions of haste
 H - 3 potions of invisibility
 J - 2 potions of brilliance
 P - 4 potions of mutation
 X - a potion of resistance
Comestibles
 c - 37 rations


   Skills:
 + Level 14.9 Dodging
 - Level 2.4 Stealth
 + Level 18.3 Spellcasting
 + Level 16.4 Conjurations
 + Level 15.9 Fire Magic
 - Level 5.0 Poison Magic


You had 19 spell levels left.
You knew the following spells:

 Your Spells              Type           Power        Failure   Level  Hunger
a - Flame Tongue          Conj/Fire      #####        0%          1    None
b - Sticky Flame          Conj/Fire      #######.     0%          4    None
c - Conjure Flame         Conj/Fire      #######.     0%          3    None
d - Poison Arrow          Conj/Pois      #######...   1%          6    None
e - Apportation           Tloc           ####..       1%          1    None
s - Venom Bolt            Conj/Pois      #######...   1%          5    None
x - Orb of Destruction    Conj           #######...   1%          7    ###....
z - Fireball              Conj/Fire      #######...   1%          5    None

Your spell library contained the following spells:

 Spells                   Type           Power        Failure   Level  Hunger
 Magic Dart               Conj           ####         0%          1    None
 Bolt of Cold             Conj/Ice       ######....   1%          6    None
 Bolt of Magma            Conj/Fire/Erth ########..   1%          5    None
 Slow                     Hex            ####....     1%          2    None
 Confuse                  Hex            ####....     3%          3    None
 Throw Flame              Conj/Fire      ######       0%          2    None
 Freezing Cloud           Conj/Ice/Air   ######....   5%          6    None
 Mephitic Cloud           Conj/Pois/Air  ######..     1%          3    None
 Summon Small Mammal      Summ           ####         1%          1    None
 Bolt of Draining         Conj/Necr      ######....   1%          5    None
 Blink                    Tloc           N/A          1%          2    None
 Animate Skeleton         Necr           N/A          1%          1    None
 Ozocubu's Refrigeration  Ice            ####......   38%         6    None
 Ozocubu's Armour         Chrm/Ice       ####....     3%          3    None
 Call Imp                 Summ           ####....     1%          2    None
 Iron Shot                Conj/Erth      #######...   1%          6    None
 Statue Form              Tmut/Erth      #####....    86%         6    None
 Throw Icicle             Conj/Ice       ######..     1%          4    None
 Confusing Touch          Hex            ####..       1%          1    None
 Metabolic Englaciation   Hex/Ice        ####......   30%         5    None
 Shatter                  Erth           #####.....   100%        9    ######.
 Sandblast                Erth           #####.       1%          1    None
 Petrify                  Tmut/Erth      #####...     11%         4    None
 Leda's Liquefaction      Hex/Erth       #####.....   11%         4    None
 Inner Flame              Hex/Fire       ######..     1%          3    None
 Beastly Appendage        Tmut           ####..       1%          1    None
 Iskenderun's Battlesphe  Conj/Chrm      ######..     1%          5    None
 Force Lance              Conj/Tloc      ######..     1%          4    None
 Spellforged Servitor     Conj/Summ      ######....   9%          7    ###....
 Irradiate                Conj/Tmut      ######....   1%          5    None
 Gell's Gravitas          Tloc           ####......   3%          3    None
 Yara's Violent Unravell  Hex/Tmut       ####......   9%          5    None


Dungeon Overview and Level Annotations

Branches:
Dungeon (15/15)            Temple (1/1) D:7            Lair (6/6) D:11
 Shoals (1/4) Lair:4        Snake (0/4) Lair:2        Slime (0/5) Lair:5
    Orc (2/2) D:12            Elf (0/3) Orc:2        Vaults (0/5) D:14
 Depths (0/5) D:15

Altars:
Ashenzari
Cheibriados
Dithmenos
Elyvilon
Fedhas
Gozag
Hepliaklqana
Kikubaaqudgha
Makhleb
Nemelex Xobeh
Okawaru
Qazlal
Ru
Sif Muna
Trog
Uskayaw
Vehumet
Wu Jian
Xom
Yredelemnul
Zin
The Shining One
Jiyva

Shops:
Orc:2 :*}?

Annotations:
Lair:6 1 runed door
Shoals:1 Frances, Louise


Message History

Frances runs a finger over her scar.
A water elemental comes into view.
Louise the Corrupted comes into view.
She is wielding a morningstar of freezing.
You see here a potion of brilliance.
The merfolk aquamancer misses you.
The merfolk aquamancer gestures wildly while chanting.
The merfolk aquamancer blinks!
The merfolk aquamancer hits you with a rapier!
The merfolk aquamancer gestures at you while chanting.
The torrent of water hits you!
Ouch! That really hurt!
You are knocked back by the torrent of water.
The wave splashes down.
Splash!
You fall into the shallow water.
Moving in this stuff is going to be slow.
The merfolk aquamancer casts a spell at you.
The shard of ice hits you!
Ouch! That really hurt!
You die...

≈≈≈≈.≈≈...≈?≈§...
.......≈≈≈≈E≈≈≈ ≈
.....@≈≈≈≈≈≈≈ ≈≈
#...≈≈≈≈≈≈≈≈ ≈..)
#.!≈≈≈≈≈≈≈≈≈
≈.?.####.mm≈≈≈≈≈≈
≈....###.≈≈≈≈≈...
≈..≈..≈≈≈≈≈≈≈≈≈..
≈≈≈≈≈..@≈≈≈≈≈≈≈≈≈
.≈≈≈≈≈≈≈≈≈≈≈≈≈≈≈≈≈
≈≈≈≈≈≈≈≈≈≈≈≈≈≈≈≈≈≈
≈≈≈≈≈≈≈≈≈≈≈≈≈≈≈≈≈≈
≈≈≈≈≈≈≈≈≈≈≈≈≈≈≈≈≈≈
≈≈≈≈≈≈≈≈≈≈≈≈≈≈≈≈≈≈
≈≈≈≈≈≈≈≈≈≈≈≈≈≈≈≈≈≈
≈≈≈≈≈≈≈≈≈≈≈≈≈≈≈≈≈≈
≈≈≈≈.≈≈...≈≈≈≈≈≈≈≈


You could see Frances, 2 merfolk aquamancers and a water elemental.

Vanquished Creatures
  Rupert (D:13)
  Kirke (Lair:4)
  An orc warlord (Orc:2)
  A dire elephant (Lair:6)
  Snorg (Lair:4)
  An ettin (Orc:1)
  8 vault guards (D:14)
  8 hydras
  3 centaur warriors
  13 two-headed ogres
  2 catoblepae (Lair:6)
  A death knight (D:15)
  7 death yaks (Lair:6)
  2 tengu warriors (D:15)
  An ogre mage (D:15)
  5 orc high priests (Orc:2)
  Nergalle (Lair:4)
  A deep elf knight (Orc:2)
  Sonja (Lair:4)
  5 skeletal warriors (D:15)
  A hell knight (D:15)
  3 unseen horrors
  2 sea snakes (Shoals:1)
  A wizard (D:15)
  A swamp dragon (shapeshifter) (D:12)
  2 deep elf archers (D:15)
  A wolf spider zombie (D:15)
  7 orc knights (Orc:2)
  4 lindwurms (Lair:6)
  2 oklob plants
  A cyclops (Orc:2)
  13 ugly things
  3 deep elf magi (Orc:2)
  4 slime creatures (D:14)
  6 orc sorcerers
  A merfolk siren (Lair:4)
  A moth of wrath (shapeshifter) (D:14)
  4 manticores
  7 elephants
  5 torpor snails (Lair:6)
  Joseph (D:8)
  2 water nymphs (Shoals:1)
  2 black mambas
  11 spiny frogs
  3 gargoyles
  2 freezing wraiths
  2 rime drakes (Lair:6)
  7 komodo dragons
  2 tengu conjurers (D:13)
  A merfolk (Shoals:1)
  8 trolls
  Grinder (D:4)
  3 tyrant leeches (Lair:6)
  8 hornets
  2 dream sheep (Lair:6)
  11 hippogriffs
  2 polar bears
  A spriggan (D:7)
  Sigmund (D:3)
  47 yaks
  2 vampires
  3 shadows
  4 water elementals (Shoals:1)
  4 wraiths
  2 wyverns
  4 basilisks
  A basilisk (shapeshifter) (D:15)
  3 hogs
  3 vampire mosquitoes (D:15)
  A steam dragon (D:11)
  2 nagas (Lair:2)
  Menkaure (D:7)
  5 wargs
  An acid dragon (D:15)
  Edmund (D:4)
  5 water moccasins
  6 porcupines
  21 orc warriors
  2 ice beasts
  3 sky beasts
  2 necrophages
  2 phantoms
  2 black bears
  4 eyes of draining
  6 centaurs
  16 ogres
  20 wolves
  10 crocodiles
  A big kobold (D:7)
  Blork the orc (D:6)
  2 elf zombies (Ossuary)
  14 bullfrogs
  A gnoll sergeant (D:10)
  A wyvern skeleton (D:12)
  5 scorpions
  6 killer bees
  3 wights (D:11)
  5 electric eels
  3 howler monkeys
  3 crimson imps
  5 centaur zombies
  2 bullfrog zombies
  4 centaur skeletons
  13 orc priests
  A wyvern simulacrum (D:15)
  11 hounds
  A bullfrog skeleton (D:13)
  Jessica (D:3)
  5 iguanas
  9 hell rats (Lair:1)
  19 worker ants
  20 orc wizards
  4 big kobold zombies (Ossuary)
  4 hound zombies
  A hound skeleton (D:4)
  3 mummies (Ossuary)
  2 worker ant zombies
  2 howler monkey zombies
  Robin (D:3)
  16 gnolls
  21 adders
  7 river rats (Lair:1)
  2 shadow imps
  2 oozes
  6 adder zombies (Ossuary)
  2 adder skeletons
  2 worms
  A dart slug (D:1)
  4 leopard geckos
  69 orcs
  11 bats
  4 giant cockroaches
  A gnoll zombie (Ossuary)
  10 goblins
  11 hobgoblins
  20 jackals
  8 kobolds
  10 quokkas
  A ball python (D:6)
  4 frilled lizards
  3 goblin zombies (Ossuary)
  3 hobgoblin zombies (Ossuary)
  3 jackal skeletons
  2 jackal zombies (Ossuary)
  3 kobold zombies (Ossuary)
  A leopard gecko zombie (D:6)
  An orc zombie (Ossuary)
  4 quokka zombies
  28 rats
  5 rat zombies (Ossuary)
  4 plants
808 creatures vanquished.

Vanquished Creatures (others)
  A human (Lair:4)
  2 orcs (Orc:2)
  20 fungi
  20 plants
  5 toadstools (D:1)
48 creatures vanquished.

Grand Total: 856 creatures vanquished

Notes
Turn   | Place    | Note
-------+----------+-------------------------------------------
     0 | D:1      | pk666 the Deep Elf Fire Elementalist began the quest for the Orb.
     0 | D:1      | Reached XP level 1. HP: 10/10 MP: 6/6
   166 | D:1      | Reached XP level 2. HP: 13/15 MP: 4/8
   755 | D:1      | Reached XP level 3. HP: 17/19 MP: 7/10
  1671 | D:2      | Reached XP level 4. HP: 24/24 MP: 9/11
  1725 | D:2      | Reached skill level 4 in Spellcasting
  1805 | D:2      | Learned a level 4 spell: Sticky Flame
  1809 | D:2      | Learned a level 3 spell: Conjure Flame
  2278 | D:3      | Found a glowing silver altar of Zin.
  2278 | D:3      | Found a shattered altar of Ashenzari.
  2498 | D:3      | Reached XP level 5. HP: 28/28 MP: 5/13
  2498 | D:3      | Noticed Jessica
  2708 | D:3      | Reached XP level 6. HP: 21/32 MP: 3/15
  2912 | D:3      | Killed Jessica
  2927 | D:3      | Reached skill level 5 in Spellcasting
  3011 | D:3      | Reached skill level 5 in Conjurations
  3266 | D:3      | Noticed Robin
  3274 | D:3      | Killed Robin
  3331 | D:3      | Noticed Sigmund
  3342 | D:3      | Killed Sigmund
  3342 | D:3      | Reached skill level 5 in Fire Magic
  3342 | D:3      | Reached XP level 7. HP: 36/36 MP: 17/17
  3531 | D:3      | Found a burning altar of Makhleb.
  3531 | D:3      | Found a bloodstained altar of Trog.
  3606 | D:3      | Found a sacrificial altar of Ru.
  3680 | D:4      | Found a sand-covered staircase.
  3699 | Ossuary  | Entered an ossuary
  3908 | Ossuary  | Reached skill level 6 in Spellcasting
  4306 | D:4      | Noticed Grinder
  4322 | D:4      | Killed Grinder
  4322 | D:4      | Reached XP level 8. HP: 27/41 MP: 15/20
  4375 | D:4      | Reached skill level 7 in Spellcasting
  4403 | D:4      | Noticed Edmund
  4419 | D:4      | Killed Edmund
  5142 | D:5      | Entered Level 5 of the Dungeon
  5357 | D:5      | Reached skill level 8 in Spellcasting
  5527 | D:5      | Learned a level 5 spell: Fireball
  5610 | D:5      | Reached XP level 9. HP: 45/45 MP: 23/23
  5736 | D:5      | Reached skill level 9 in Spellcasting
  5861 | D:5      | Found a blossoming altar of Fedhas.
  6298 | D:6      | Noticed Blork the orc
  6306 | D:6      | Killed Blork the orc
  7016 | D:7      | Noticed Menkaure
  7018 | D:7      | Killed Menkaure
  7244 | D:7      | Found a staircase to the Ecumenical Temple.
  7250 | Temple   | Entered the Ecumenical Temple
  7290 | Temple   | Became a worshipper of Vehumet
  7535 | D:8      | Noticed Joseph
  7667 | D:8      | Killed Joseph
  7667 | D:8      | Reached skill level 10 in Spellcasting
  7680 | D:8      | Reached skill level 10 in Conjurations
  8030 | D:8      | Noticed a two-headed ogre
  8080 | D:8      | Killed a two-headed ogre
  8080 | D:8      | Reached XP level 10. HP: 35/50 MP: 16/26
  8263 | D:8      | Learned a level 1 spell: Apportation
  8269 | D:8      | Learned a level 5 spell: Venom Bolt
  8516 | D:8      | Noticed a two-headed ogre
  8525 | D:8      | Killed a two-headed ogre
  8525 | D:8      | Reached skill level 11 in Spellcasting
  8525 | D:8      | Reached skill level 1 in Poison Magic
  8536 | D:8      | Noticed a two-headed ogre
  8549 | D:8      | Killed a two-headed ogre
  8730 | D:8      | Reached skill level 10 in Fire Magic
  8937 | D:8      | Identified the Volume of Freezing Earth
  9079 | D:9      | Noticed a two-headed ogre
  9096 | D:9      | Reached * piety under Vehumet
  9096 | D:9      | Offered knowledge of Sting by Vehumet.
  9103 | D:9      | Killed a two-headed ogre
  9650 | D:9      | Reached skill level 5 in Dodging
  9752 | D:9      | Reached XP level 11. HP: 54/54 MP: 28/28
  9992 | D:9      | Found a burning altar of Makhleb.
 10229 | D:10     | Entered Level 10 of the Dungeon
 10414 | D:10     | Found a hazy altar of Hepliaklqana.
 10646 | D:10     | Found a bloodstained altar of Trog.
 10647 | D:10     | Noticed an oklob plant
 10651 | D:10     | Killed an oklob plant
 10856 | D:11     | Reached ** piety under Vehumet
 10856 | D:11     | Offered knowledge of Magic Dart by Vehumet.
 10856 | D:11     | Reached skill level 12 in Spellcasting
 10921 | D:11     | Found an ancient bone altar of Kikubaaqudgha.
 11138 | D:11     | Got a brightly glowing robe
 11148 | D:11     | Found a staircase to the Lair.
 11241 | D:11     | Identified the cursed +1 robe of the Crypt {rN+ Int+2} (You found it on level 11 of the Dungeon)
 11249 | D:11     | Noticed a red ugly thing
 11265 | D:11     | Noticed a two-headed ogre
 11286 | D:11     | Killed a two-headed ogre
 11286 | D:11     | Reached skill level 5 in Poison Magic
 11445 | D:11     | Offered knowledge of Static Discharge by Vehumet.
 11705 | D:11     | Noticed a five-headed hydra
 11750 | D:11     | Killed a five-headed hydra
 11857 | D:11     | Reached *** piety under Vehumet
 11881 | D:12     | Noticed a red ugly thing
 11913 | Lair:1   | Entered Level 1 of the Lair of Beasts
 11913 | Lair:1   | Noticed an oklob plant
 12177 | Lair:1   | Killed an oklob plant
 12798 | Lair:1   | Noticed a seven-headed hydra
 12805 | Lair:1   | Killed a seven-headed hydra
 12805 | Lair:1   | Reached skill level 13 in Spellcasting
 12805 | Lair:1   | Reached XP level 12. HP: 16/59 MP: 22/31
 12886 | Lair:1   | Offered knowledge of Mephitic Cloud by Vehumet.
 13211 | Lair:1   | Learned a level 7 spell: Orb of Destruction
 13324 | Lair:2   | Found a staircase to the Snake Pit.
 14266 | Lair:3   | Noticed a seven-headed hydra
 14269 | Lair:3   | Killed a seven-headed hydra
 14445 | Lair:3   | Reached **** piety under Vehumet
 14716 | Lair:2   | Offered knowledge of Irradiate by Vehumet.
 14780 | Lair:3   | Noticed an eight-headed hydra
 14786 | Lair:3   | Killed an eight-headed hydra
 15518 | Lair:3   | Reached skill level 14 in Spellcasting
 15831 | Lair:4   | Reached ***** piety under Vehumet
 15831 | Lair:4   | Offered knowledge of Bolt of Fire by Vehumet.
 16233 | Lair:4   | Noticed Nergalle
 16240 | Lair:4   | Killed Nergalle
 16358 | Lair:4   | Found a snail-covered altar of Cheibriados.
 16417 | Lair:4   | Found a staircase to the Shoals.
 16419 | Lair:4   | Reached XP level 13. HP: 62/63 MP: 32/33
 16423 | Lair:4   | Noticed Snorg
 16428 | Lair:4   | Killed Snorg
 16428 | Lair:4   | Reached skill level 10 in Dodging
 16443 | Lair:4   | Noticed Kirke
 17029 | Lair:4   | Noticed Sonja
 17032 | Lair:4   | Killed Sonja
 17270 | Lair:4   | Killed Kirke
 18472 | Lair:5   | Reached skill level 15 in Spellcasting
 18778 | Lair:5   | Found a staircase to the Slime Pits.
 18944 | Lair:5   | Found a viscous altar of Jiyva.
 19162 | Lair:6   | Entered Level 6 of the Lair of Beasts
 19501 | Lair:6   | Found a runed door.
 19570 | Lair:6   | Offered knowledge of Lightning Bolt by Vehumet.
 20813 | Lair:6   | Reached XP level 14. HP: 68/68 MP: 34/35
 21097 | Lair:6   | HP: 2/68 [rime drake/flash freeze (25)]
 21824 | Lair:6   | Reached skill level 16 in Spellcasting
 22642 | D:12     | Offered knowledge of Conjure Ball Lightning by Vehumet.
 23881 | D:12     | Found a staircase to the Orcish Mines.
 24595 | D:12     | Identified a scroll of acquirement
 24595 | D:12     | Identified Hiyxkuhu's Volume of Conjuration and Changing (You acquired it on level 12 of the Dungeon)
 24858 | D:13     | Noticed Rupert
 24862 | D:13     | Killed Rupert
 24924 | D:13     | Found a glowing silver altar of Zin.
 25151 | D:13     | Got a fine trident
 25152 | D:13     | Identified the +7 trident "Hin Qirulett" {drain, *Noise rN++} (You found it on level 13 of the Dungeon)
 25417 | D:14     | Offered knowledge of Poison Arrow by Vehumet.
 25418 | D:14     | Reached skill level 15 in Conjurations
 26075 | D:14     | Found a gate to the Vaults.
 26213 | D:14     | Reached XP level 15. HP: 53/72 MP: 8/37
 26710 | D:14     | Reached skill level 17 in Spellcasting
 26724 | D:14     | Learned a level 6 spell: Poison Arrow
 26910 | D:15     | Entered Level 15 of the Dungeon
 26940 | D:15     | Reached skill level 15 in Fire Magic
 27221 | D:15     | Found a staircase to the Depths.
 27467 | D:15     | Offered knowledge of Bolt of Fire by Vehumet.
 29595 | Orc:1    | Entered Level 1 of the Orcish Mines
 29784 | Orc:2    | Entered Level 2 of the Orcish Mines
 31633 | Orc:2    | Reached skill level 18 in Spellcasting
 31640 | Orc:2    | Noticed an orc warlord
 31820 | Orc:1    | Offered knowledge of Bolt of Fire by Vehumet.
 32025 | Orc:2    | Killed an orc warlord
 32187 | Orc:2    | Found a staircase to the Elven Halls.
 32320 | Orc:2    | Reached XP level 16. HP: 76/76 MP: 37/40
 32715 | Orc:2    | Found Byosogg's Assorted Antiques.
 32715 | Orc:2    | Found Hemis's Book Shop.
 32717 | Orc:2    | Found Korri's Magic Scroll Shoppe.
 32717 | Orc:2    | Found Gutifiny's Gadget Shop.
 33639 | Shoals:1 | Entered Level 1 of the Shoals
 33749 | Shoals:1 | Noticed Frances
 33751 | Shoals:1 | Noticed Louise
 33754 | Shoals:1 | Killed from afar by a merfolk aquamancer

Vault maps used:
D:1:      ldierk_walled_garden
D:2:      minmay_tetromino_s2
D:3:      gammafunk_temple_overflow_pools, gammafunk_temple_overflow_elements,
          first_ration, nicolae_ru_the_path_less_chosen, uniq_sigmund,
          uniq_jessica, uniq_robin
D:4:      enter_ossuary_1, uniq_grinder, uniq_edmund
D:5:      fedhas_altar_4
D:6:      kennysheep_generic_room_12, uniq_blork_the_orc
D:7:      minmay_temple_entry_fiery, kennysheep_cross_room, the_bakery,
          uniq_menkaure
D:8:      uniq_joseph
D:9:      basic_altar
D:10:     basic_altar, lemuel_oklob_altar
D:11:     erik_lair_island, basic_altar
D:12:     orc_0_dummy, minmay_misc_feat_encased
D:13:     basic_altar, uniq_rupert
D:14:     erik_vaults_2, glass_columns_b
D:15:     hangedman_depths_entry_civil_slaughter, minmay_stone_trees_small
Temple:   minmay_crystal_spiral_temple
Lair:1:   lemuel_ratsnest, st_stairs_13, dpeg_stationary_puzzle,
          lemuel_fruit_fields, grunt_megastairs_5
Lair:2:   guppyfry_snake_entry_garden
Lair:4:   minmay_shoals_entry_lonely_mermaid, basic_altar, lemuel_fruit_tree,
          serial_bayou_shore_a, uniq_sonja, uniq_snorg, uniq_kirke,
          uniq_nergalle
Lair:5:   minmay_lair_venomous_thicket, slime_altar_1, columned_hall_lemuel,
          lemuel_fruit_fields
Lair:6:   wormcave, hangedman_lair_in_review
Shoals:1: cheibrodos_shoals_baths, nicolae_shoals_mertower, uniq_louise,
          uniq_frances
Orc:2:    grunt_orc_tribal_feast, elf_legates
Ossuary:  minmay_ossuary_two_tombs

Skill      XL: |  1  2  3  4  5  6  7  8  9 10 11 12 13 14 15 |
---------------+----------------------------------------------+-----
Conjurations   | 2 3 4 5 7 8 10 11 12 13 14 15 16 | 16.4
Spellcasting   | 4 5 6 8 10 11 13 14 15 16 18 | 18.3
Fire Magic     | 4 5 6 7 9 10 11 12 13 14 15 | 15.9
Dodging        | 5 7 9 11 13 14 | 14.9
Poison Magic   | 3 5 |  5.0
Stealth        | |  2.4

Action                   |  1- 3 |  4- 6 |  7- 9 | 10-12 | 13-15 | 16-18 || total
-------------------------+-------+-------+-------+-------+-------+-------++-------
Melee: Unarmed           |     2 |       |    10 |       |       |       ||    12
       Staff             |       |       |       |     1 |     9 |       ||    10
 Cast: Flame Tongue      |    74 |   119 |   322 |   173 |    11 |       ||   699
       Conjure Flame     |       |     4 |    39 |    25 |    15 |       ||    83
       Sticky Flame      |       |       |     9 |    52 |    63 |       ||   124
       Fireball          |       |       |    11 |   146 |   225 |    14 ||   396
       Venom Bolt        |       |       |       |    17 |    68 |       ||    85
       Apportation       |       |       |       |     2 |    11 |    10 ||    23
       Orb of Destructio |       |       |       |       |   106 |       ||   106
       Poison Arrow      |       |       |       |       |   100 |    20 ||   120
Evoke: Wand              |       |       |     3 |     5 |       |       ||     8
  Use: Scroll            |       |       |     9 |    20 |     7 |       ||    36
       Potion            |       |       |       |     1 |     6 |       ||     7
  Eat: Chunk             |     2 |     5 |    17 |    28 |    45 |     3 ||   100
       Ration            |       |       |       |     2 |     7 |       ||     9
Armor: Robe              |     7 |     3 |     8 |    13 |    29 |     1 ||    61
Dodge: Dodged            |    20 |    13 |    46 |    87 |   237 |     3 ||   406

Table legend:
 A = Spawn XP
 B = Non-spawn XP
 C = Spawn XP percentage of total XP
 D = Spawn monster count
 E = Non-spawn monster count
 F = Spawn count percentage of total count
 G = Total turns spent on level
                    A         B        C        D         E        F      G
               +---------+---------+-------+---------+---------+-------+---------
         Total |       0 |  163212 |   0.0 |       0 |     804 |   0.0 | 33754
               +---------+---------+-------+---------+---------+-------+---------
           D:1 |       0 |      50 |   0.0 |       0 |      28 |   0.0 |  1079
           D:2 |       0 |      80 |   0.0 |       0 |      28 |   0.0 |  1065
           D:3 |       0 |     623 |   0.0 |       0 |      50 |   0.0 |  1500
           D:4 |       0 |     851 |   0.0 |       0 |      22 |   0.0 |   914
           D:5 |       0 |    1109 |   0.0 |       0 |      24 |   0.0 |   738
           D:6 |       0 |     332 |   0.0 |       0 |      10 |   0.0 |   803
           D:7 |       0 |     843 |   0.0 |       0 |      14 |   0.0 |   703
           D:8 |       0 |    4357 |   0.0 |       0 |      30 |   0.0 |  1510
           D:9 |       0 |    2609 |   0.0 |       0 |      25 |   0.0 |  1148
          D:10 |       0 |    1335 |   0.0 |       0 |      19 |   0.0 |   730
          D:11 |       0 |    6398 |   0.0 |       0 |      44 |   0.0 |  1474
          D:12 |       0 |    5718 |   0.0 |       0 |      25 |   0.0 |  1894
          D:13 |       0 |   10153 |   0.0 |       0 |      24 |   0.0 |  1315
          D:14 |       0 |   17305 |   0.0 |       0 |      32 |   0.0 |  2144
          D:15 |       0 |   27988 |   0.0 |       0 |      53 |   0.0 |  1652
        Lair:1 |       0 |    4016 |   0.0 |       0 |      49 |   0.0 |  1156
        Lair:2 |       0 |    1103 |   0.0 |       0 |       5 |   0.0 |  1138
        Lair:3 |       0 |    9177 |   0.0 |       0 |      41 |   0.0 |  1963
        Lair:4 |       0 |   12542 |   0.0 |       0 |      39 |   0.0 |  2136
        Lair:5 |       0 |    4500 |   0.0 |       0 |      23 |   0.0 |   868
        Lair:6 |       0 |   24451 |   0.0 |       0 |      55 |   0.0 |  3074
      Shoals:1 |       0 |    3490 |   0.0 |       0 |       9 |   0.0 |   115
         Orc:1 |       0 |    3300 |   0.0 |       0 |      25 |   0.0 |  1532
         Orc:2 |       0 |   20340 |   0.0 |       0 |      90 |   0.0 |  2334
       Ossuary |       0 |     542 |   0.0 |       0 |      40 |   0.0 |   594
               +---------+---------+-------+---------+---------+-------+---------
